 Dungeon Sprint DCSS version 0.27-a0-1273-gec92ba881d (webtiles) character file.

Game seed: 16202289549853714436

20331 mhtbhm the Fencer (level 12, -14/106 HPs)
             Began as a Demonspawn Berserker on June 11, 2021.
             Was a High Priest of Trog.
             Demolished by a death yak (32 damage)
             ... summoned by a spriggan berserker
             ... in the Dungeon (Sprint IV: "Fedhas' Mad Dash").
             The game lasted 00:07:41 (6018 turns).

mhtbhm the Fencer (Demonspawn Berserker)            Turns: 6018, Time: 00:07:41

Health: -14/106    AC: 16    Str: 21    XL:     12   Next: 44%
Magic:  8/12       EV: 11    Int: 20    God:    Trog [*****.]
Gold:   274        SH:  0    Dex: 13    Spells: 11/11 levels left

rFire    . . .     SeeInvis .   a - +8 scimitar of Taoczoz {drain, rCorr Int+4}
rCold    . . .     Faith    .   (no shield)
rNeg     . . .     Spirit   .   b - +4 chain mail {Will+}
rPois    .         Reflect  .   (helmet restricted)
rElec    .         Harm     .   (no cloak)
rCorr    +         Rampage  .   (gloves unavailable)
Will     +....     NoTele   +   (no boots)
Stlth    +++.......             j - amulet of invisibility {+Inv}
HPRegen  0.27/turn              n - +6 ring of intelligence
MPRegen  0.13/turn              q - +4 ring of slaying

@: on berserk cooldown, slowed, very slow
A: antennae 2, claws 3, talons 1, ignite blood 2, spiny 1
a: Renounce Religion, Evoke Invisibility, Berserk, Trog's Hand, Brothers in Arms


You were in the Dungeon.
You worshipped Trog.
Trog was extremely pleased with you.
You visited 1 branch You collected 481 gold pieces.
You spent 207 gold pieces at shops.

Inventory:

Hand Weapons
 a - the +8 scimitar of Taoczoz (weapon) {drain, rCorr Int+4}
   (You bought it in a shop in the Dungeon)

   A truly terrible weapon, it drains the life of those it strikes.
   It affects your intelligence (+4).
   It protects you from acid and corrosion.
Missiles
 m - 8 silver javelins
Armour
 b - a +4 chain mail of willpower (worn)
 i - a +0 helmet
 p - a +0 pair of gloves
Jewellery
 d - the amulet "Riniv" {rPois Regen+ Int+4}
   (You found it in the Dungeon)

   [amulet of regeneration]

   It affects your intelligence (+4).
   It protects you from poison.
   It increases your rate of health regeneration.
 j - the amulet of invisibility (around neck) {+Inv}
   (You found it in the Dungeon)

   [amulet of nothing]

   It lets you turn invisible.
 n - a +6 ring of intelligence (left claw)
 q - a +4 ring of slaying (right claw)
Wands
 l - a wand of iceblast (5)
Scrolls
 h - a scroll of blinking
 o - a scroll of holy word {unknown}
Potions
 e - a potion of haste
 f - 2 potions of magic
 g - a potion of berserk rage
 k - a potion of brilliance {unknown}
Miscellaneous
 c - a box of beasts


   Skills:
 + Level 13.7 Fighting
 + Level 15.2 Long Blades
 + Level 13.6 Armour
 + Level 6.5 Dodging
 + Level 14.7 Stealth
 - Level 10.9 Evocations


You had 11 spell levels left.
You didn't know any spells.
Your spell library was empty.

Dungeon Overview and Level Annotations

Branches:
Dungeon (1/1)

Altars:
Cheibriados
Dithmenos
Elyvilon
Gozag
Hepliaklqana
Kikubaaqudgha
Makhleb
Nemelex Xobeh
Okawaru
Qazlal
Ru
Sif Muna
Trog
Uskayaw
Vehumet
Wu Jian
Xom
Yredelemnul
Zin
The Shining One
Beogh
Jiyva
Lugonu

Shops:
D (*=([*=*(*(!!**(((*![


Innate Abilities, Weirdness & Mutations

You have a pair of antennae on your head.
You have claws for hands.
You have sharp toenails.
Your demonic aura often causes spilled blood to erupt in flames.
You are partially covered in sharp spines.


Message History

The elephant is lightly wounded.
You are hit by a branch!
A tree reaches out and hits your cyclops!!
The death yak gores you!
Your cyclops hits the elephant!!
The spriggan berserker utters an invocation to Trog.
The death yak goes berserk!
The elephant tramples your cyclops.
Your cyclops holds its ground!
The elephant trunk-slaps your cyclops.
Unknown command.
Unknown command.
You barely miss the spriggan berserker.
The spriggan druid calls out to the beasts of the wild!
The death yak gores you!
You slash the spriggan berserker!
Your kick misses the spriggan berserker.
The spriggan berserker is lightly wounded.
A root smacks you from below!
Your cyclops is hit by a branch!
Your cyclops dies!
Your cyclops's corpse disappears in a puff of smoke!
The elephant is engulfed in blazing flames.
The elephant trumpets!
The elephant closely misses you. The elephant trunk-slaps you.
The death yak gores you!
The spriggan berserker mumbles some strange prayers to Trog.
The spriggan berserker goes berserk!
The spriggan berserker hits you with a +1 antimagic hand axe!
You feel your power leaking away.
Unknown command.
The elephant is engulfed in blazing flames.
The death yak gores you!!
Unknown command.
You feel a strong urge to attack something.
You are no longer berserk.
You are exhausted.
You feel yourself slow down. A root smacks you from below!
* * * LOW HITPOINT WARNING * * *
The death yak is engulfed in blazing flames.
The elephant is engulfed in blazing flames.
The death yak is engulfed in blazing flames.
The death yak gores you!!
You die...

...'.........##...P).'†#
...#####P....'..)...)### ...#
##################
...#####∩∩∩#............#########
...'....∩.∩'....).......'.....))#
...#####∩∩∩#............#######.#
#### ########################.# {
.♣..♣.i♣☼.♣..♣..♣..♣..♣..#
.....iiYY@...............# {
.♣..♣§Y♣Y.♣..♣..♣..♣..♣..#
###################### { { {


You could see 2 death yaks, 2 elephants, 2 spriggan berserkers and a spriggan
druid.

Vanquished Creatures
  Agnes (D)
  A ghost moth (D)
  2 spriggan defenders (D)
  2 spriggan berserkers (D)
  2 spriggan druids (D)
  22 oklob plants (D)
  3 demonic crawlers (D)
  3 wandering mushrooms (D)
  A queen bee (D)
  6 hornets (D)
  3 burning bushes (D)
  4 scorpions (D)
  4 killer bees (D)
  5 oklob saplings (D)
  8 spriggans (D)
  A river rat (D)
  A rat (D)
  A bush (D)
70 creatures vanquished.

Vanquished Creatures (collateral kills)
  A spriggan defender (D)
  An oklob plant (D)
2 creatures vanquished.

Vanquished Creatures (others)
  2 ballistomycete spores (D)
2 creatures vanquished.

Grand Total: 74 creatures vanquished

Notes
Turn   | Place    | Note
-------+----------+-------------------------------------------
     0 | D        | mhtbhm the Demonspawn Berserker began the quest for the
                  | Orb.
     0 | D        | Reached XP level 1. HP: 18/18 MP: 1/1
    10 | D        | Reached skill level 3 in Long Blades
    10 | D        | Gained mutation: Your demonic aura sometimes causes spilled
                  | blood to erupt in flames. [demonic ancestry]
    10 | D        | Reached XP level 2. HP: 20/25 MP: 2/2
   247 | D        | Noticed an oklob sapling
   248 | D        | Killed an oklob sapling
   248 | D        | Reached ** piety under Trog
   249 | D        | Reached skill level 5 in Fighting
   249 | D        | Reached skill level 4 in Long Blades
   249 | D        | Gained mutation: You are partially covered in sharp spines.
                  | [demonic ancestry]
   249 | D        | Reached XP level 3. HP: 33/33 MP: 3/3
   394 | D        | Noticed a scorpion
   395 | D        | Found the amulet of invisibility {+Inv}
   400 | D        | Killed a scorpion
   401 | D        | Reached skill level 5 in Long Blades
   401 | D        | Gained mutation: You have sharp fingernails. [demonic
                  | ancestry]
   401 | D        | Reached XP level 4. HP: 40/40 MP: 4/4
   507 | D        | Found an opulent altar of Gozag.
   507 | D        | Found a hazy altar of Hepliaklqana.
   507 | D        | Found a burning altar of Makhleb.
   507 | D        | Found a sparkling altar of Nemelex Xobeh.
   507 | D        | Found a snail-covered altar of Cheibriados.
   507 | D        | Found a sacrificial altar of Ru.
   507 | D        | Found a shimmering blue altar of Sif Muna.
   507 | D        | Found a shimmering altar of Xom.
   507 | D        | Found a basalt altar of Yredelemnul.
   508 | D        | Found a viscous altar of Jiyva.
   508 | D        | Found a bloodstained altar of Trog.
   508 | D        | Found an ornate altar of the Wu Jian Council.
   509 | D        | Found an iron altar of Okawaru.
   509 | D        | Found a shadowy altar of Dithmenos.
   510 | D        | Found an ancient bone altar of Kikubaaqudgha.
   510 | D        | Found a hide-covered altar of Uskayaw.
   511 | D        | Found a stormy altar of Qazlal.
   512 | D        | Found a corrupted altar of Lugonu.
   512 | D        | Found a radiant altar of Vehumet.
   520 | D        | Reached skill level 6 in Long Blades
   520 | D        | Gained mutation: You have sharp toenails. [demonic
                  | ancestry]
   520 | D        | Reached XP level 5. HP: 47/47 MP: 3/5
   584 | D        | Reached skill level 1 in Stealth
   584 | D        | Reached skill level 1 in Evocations
   863 | D        | Reached *** piety under Trog
   864 | D        | Reached skill level 7 in Long Blades
   866 | D        | Gained mutation: Your demonic aura often causes spilled
                  | blood to erupt in flames. [demonic ancestry]
   866 | D        | Reached XP level 6. HP: 56/56 MP: 6/6
   878 | D        | Found Vorashru's General Store.
   878 | D        | Found Upta's Assorted Antiques.
   925 | D        | Noticed a burning bush
   925 | D        | Noticed a wandering mushroom
   926 | D        | Noticed a wandering mushroom
   930 | D        | Reached skill level 8 in Long Blades
   933 | D        | Killed a wandering mushroom
   933 | D        | Reached **** piety under Trog
   934 | D        | Reached skill level 9 in Long Blades
   934 | D        | Reached skill level 5 in Dodging
   934 | D        | Gained mutation: You have a pair of small antennae on your
                  | head. [demonic ancestry]
   934 | D        | Reached XP level 7. HP: 46/64 MP: 4/7
   940 | D        | Killed a burning bush
   942 | D        | Found Zimedorio's Assorted Antiques.
   942 | D        | Found Metita's Antique Weapon Shoppe.
  1609 | D        | Noticed a queen bee
  1615 | D        | Reached ***** piety under Trog
  1618 | D        | Reached skill level 10 in Long Blades
  1618 | D        | Reached skill level 5 in Evocations
  1626 | D        | Reached XP level 8. HP: 72/72 MP: 6/8
  1640 | D        | Killed a queen bee
  1641 | D        | Reached skill level 5 in Stealth
  1825 | D        | Noticed an oklob plant
  1836 | D        | Killed an oklob plant
  1837 | D        | Reached skill level 10 in Fighting
  1837 | D        | Reached skill level 5 in Armour
  2106 | D        | Noticed a burning bush
  2115 | D        | Killed a burning bush
  2116 | D        | Reached skill level 11 in Long Blades
  2271 | D        | Noticed a burning bush
  2271 | D        | Noticed an oklob plant
  2272 | D        | Noticed a wandering mushroom
  2280 | D        | Killed a burning bush
  2281 | D        | Reached XP level 9. HP: 79/79 MP: 6/9
  2343 | D        | Killed an oklob plant
  2343 | D        | Reached ****** piety under Trog
  2345 | D        | Received a gift from Trog
  2404 | D        | Noticed a spriggan druid
  2412 | D        | Killed a spriggan druid
  2413 | D        | Reached skill level 12 in Long Blades
  2557 | D        | Noticed an oklob plant conjurer
  2560 | D        | Killed an oklob plant conjurer
  2712 | D        | Noticed an oklob plant
  2712 | D        | Noticed an oklob plant summoner
  2713 | D        | Noticed an oklob plant shifter
  2724 | D        | Killed an oklob plant
  2730 | D        | Killed an oklob plant summoner
  2731 | D        | Reached skill level 10 in Stealth
  2731 | D        | Gained mutation: You have a pair of antennae on your head.
                  | [demonic ancestry]
  2731 | D        | Reached XP level 10. HP: 86/86 MP: 2/10
  2737 | D        | Killed an oklob plant shifter
  2953 | D        | Received a gift from Trog
  3106 | D        | Noticed a spriggan rider
  3112 | D        | Found Ulukhej's Distillery.
  3274 | D        | Found Tulo Ubu's Armour Shoppe.
  3320 | D        | Noticed Agnes
  3328 | D        | Killed Agnes
  3329 | D        | Reached skill level 13 in Long Blades
  3493 | D        | Found Eppen's Antique Weapon Emporium.
  3493 | D        | Noticed a spriggan berserker
  3503 | D        | Killed a spriggan berserker
  3503 | D        | Received a gift from Trog
  3683 | D        | Found Lyfav's Antique Weapon Shoppe.
  3688 | D        | Noticed a spriggan defender
  3696 | D        | Killed a spriggan defender
  3697 | D        | Reached skill level 10 in Armour
  3697 | D        | Gained mutation: You have very sharp fingernails. [demonic
                  | ancestry]
  3697 | D        | Reached XP level 11. HP: 60/94 MP: 3/11
  3745 | D        | Bought a polished scimitar for 207 gold pieces
  3745 | D        | Identified the +8 scimitar of Taoczoz {drain, rCorr Int+4}
                  | (You bought it in a shop in the Dungeon)
  3942 | D        | Noticed a spriggan rider
  4302 | D        | Killed a ghost moth
  4303 | D        | Reached skill level 14 in Long Blades
  4305 | D        | Found Pyhyher's Antique Weapon Shoppe.
  4305 | D        | Found Vaas's General Store.
  4305 | D        | Found Biblio's Jewellery Emporium.
  4773 | D        | Noticed an oklob plant shifter
  4773 | D        | Noticed an oklob plant meteorologist
  4779 | D        | Killed an oklob plant meteorologist
  4779 | D        | Received a gift from Trog
  4790 | D        | Killed an oklob plant shifter
  4837 | D        | Noticed a spriggan rider
  4917 | D        | Noticed an oklob plant summoner
  4918 | D        | Found Hivevuck's Distillery.
  4919 | D        | Found Enackeba's Distillery.
  4924 | D        | Killed an oklob plant summoner
  4930 | D        | Noticed an oklob plant demonologist
  4930 | D        | Noticed an oklob plant annihilator
  5086 | D        | Noticed a spriggan berserker
  5093 | D        | Killed a spriggan berserker
  5102 | D        | Killed an oklob plant demonologist
  5108 | D        | Killed an oklob plant annihilator
  5108 | D        | Received a gift from Trog
  5304 | D        | Identified the amulet "Riniv" {rPois Regen+ Int+4}
  5337 | D        | Found Kifi's Antique Armour Shoppe.
  5337 | D        | Found Hiezxiff's Assorted Antiques.
  5337 | D        | Found Dasisuna's Weapon Shop.
  5337 | D        | Found Juqoffud's Assorted Antiques.
  5337 | D        | Found Wauneton's Jewellery Shoppe.
  5338 | D        | Found Urir's Assorted Antiques.
  5338 | D        | Found Maun's Antique Weapon Shop.
  5338 | D        | Found Varepr Orae's Antique Weapon Boutique.
  5362 | D        | Noticed an oklob plant
  5362 | D        | Noticed an oklob plant
  5362 | D        | Noticed an oklob plant
  5362 | D        | Noticed an oklob plant
  5362 | D        | Noticed an oklob plant
  5362 | D        | Noticed an oklob plant
  5363 | D        | Noticed an oklob plant
  5367 | D        | Killed an oklob plant
  5368 | D        | Noticed an oklob plant
  5370 | D        | Killed an oklob plant
  5371 | D        | Noticed an oklob plant
  5374 | D        | Killed an oklob plant
  5375 | D        | Noticed an oklob plant
  5380 | D        | Killed an oklob plant
  5381 | D        | Noticed an oklob plant
  5388 | D        | Killed an oklob plant
  5389 | D        | Reached skill level 10 in Evocations
  5389 | D        | Noticed an oklob plant
  5535 | D        | Killed an oklob plant
  5535 | D        | Identified the +10 great sword of Painful Death {flame,
                  | Str+5 Dex+3} (Trog gifted it to you in the Dungeon)
  5535 | D        | Received a gift from Trog
  5536 | D        | Gained mutation: You have claws for hands. [demonic
                  | ancestry]
  5536 | D        | Reached XP level 12. HP: 103/103 MP: 10/12
  5669 | D        | Reached skill level 15 in Long Blades
  5739 | D        | Noticed a spriggan defender
  5739 | D        | Noticed a spriggan defender
  5750 | D        | Killed a spriggan defender
  5754 | D        | Killed a spriggan defender
  5754 | D        | Received a gift from Trog
  6013 | D        | Noticed a death yak
  6015 | D        | Noticed a death yak
  6018 | D        | Demolished by a death yak

Illustrated notes

Levels and vault maps discovered:
D:        dungeon_sprint_fedhas [sprint_temple]

Skill      XL: |  1  2  3  4  5  6  7  8  9 10 11 12 |
---------------+-------------------------------------+-----
Fighting       | 4 5 6 8 9 10 11 12 13 | 13.7
Long Blades    | 3 4 5 6 7 9 10 11 12 13 14 15 | 15.2
Armour         | 2 3 4 6 7 10 13 | 13.6
Dodging        | 2 3 4 5 6 |  6.5
Stealth        | 2 3 4 7 10 11 13 14 | 14.7
Evocations     | 2 3 5 6 7 8 10 | 10.9

Action                   |  1- 3 |  4- 6 |  7- 9 | 10-12 || total
-------------------------+-------+-------+-------+-------++-------
Melee: Falchion          |    11 |    21 |    77 |       ||   109
       Kick              |       |     5 |    46 |    51 ||   102
       Long sword        |       |       |    24 |    40 ||    64
       Scimitar          |       |       |       |   101 ||   101
Invok: Berserk           |     3 |     4 |    10 |    13 ||    30
       Brothers in Arms  |       |       |       |     5 ||     5
       Trog's Hand       |       |       |       |     1 ||     1
 Abil: Evoke Invisibilit |       |     3 |     4 |     7 ||    14
  Use: Potion            |       |       |       |     2 ||     2
 Stab: Invisible         |       |     2 |    12 |    12 ||    26
       Sleeping          |       |     1 |     1 |     4 ||     6
Armor: Animal skin       |     2 |     1 |       |       ||     3
       Chain mail        |       |       |    10 |    35 ||    45
Dodge: Dodged            |     1 |     8 |    30 |    37 ||    76
       Rpst.: Falchion   |     1 |     4 |     7 |       ||    12
       Long sword        |       |       |       |     1 ||     1
       Scimitar          |       |       |       |     4 ||     4

Table legend: (Time is in decaauts)
 A = Elapsed time spent in this place.
 B = Non-inter-level travel time spent in this place.
 C = Inter-level travel time spent in this place.
 D = Time resting spent in this place.
 E = Time spent auto-exploring this place.
 F = Levels seen in this place.
 G = Mean time per level.
                   A        B        C        D        E       F      G
               +--------+--------+--------+--------+--------+-----+--------+
         Total |   6213 |   6213 |      0 |   5141 |      3 |   1 | 6213.0 |
       Dungeon |   6213 |   6213 |      0 |   5141 |      3 |   1 | 6213.0 |
               +--------+--------+--------+--------+--------+-----+--------+

Top non-repeatable levels by time:
       D: 6213 daAuts
